 Dungeon Sprint DCSS version 0.25.1-2-g60ff931df9 (webtiles) character file.

Game seed: 3820909580644693712

446971 Doot the Petrodigitator (level 24, -2/181 HPs)
             Began as a Gargoyle Earth Elementalist on Sept 29, 2020.
             Was the Champion of Vehumet.
             Killed by a greater mummy's death curse (17 damage)
             ... in the Dungeon (Sprint VII: "The Pits").
             The game lasted 01:15:46 (16372 turns).

Doot the Petrodigitator (GrEE)                     Turns: 16372, Time: 01:15:47

Health: -2/181     AC: 70    Str: 26    XL:     24   Next: 22%
Magic:  63/63      EV: 30    Int: 42    God:    Vehumet [******]
Gold:   184        SH: 38    Dex: 20    Spells: 25/77 levels left

rFire    + . .     SeeInvis .   F - +7 double sword of Uhab {vorpal, Dex+6}
rCold    + + +     Gourm    .   E - +5 tower shield
rNeg     + . .     Faith    .   n - +14 gold dragon scales
rPois    ∞         Spirit   .   o - +0 hat {MR+}
rElec    +         Reflect  +   O - +2 cloak {MR+}
rCorr    .         Harm     .   x - +2 pair of gloves {Str+3}
MR       +++..     NoTele   +   L - +1 pair of boots {run}
Stlth    +++.......             y - amulet "Teulas Ocla" {Reflect MP+9 Str+4 Int+3 Dex+4 SH+5}
HPRegen  0.80/turn              Y - ring of Woehodgh {+Inv EV+6 Int+7}
MPRegen  0.38/turn              X - ring "Ceupn" {*Drain rC+++ Str+6 Int+5}

@: slowed, very slow
A: big wings, hooves 1, negative energy resistance 1, regeneration 1,
electricity resistance, unbreathing, petrification resistance, rot immunity,
MP-powered wands, AC +18
}: 2/3 runes: silver, iron
a: Fly, Renounce Religion, Evoke Invisibility


You were in the Dungeon.
You worshipped Vehumet.
Vehumet was exalted by your worship.
You were not hungry.

You visited 1 branch You collected 184 gold pieces.

Inventory:

Hand Weapons
 F - the +7 double sword of Uhab (weapon) {vorpal, Dex+6}
   (You found it in the Dungeon)

   It inflicts extra damage upon your enemies.
   It affects your dexterity (+6).
Missiles
 b - 75 stones (quivered)
Armour
 n - +14 gold dragon scales (worn)
 o - a +0 hat of magic resistance (worn)
 x - a +2 pair of gloves of strength (worn)
 E - a +5 tower shield (worn)
 K - the quicksilver dragon scales "Neohug" {MR+ Int+5 Slay+3}
   (You took it off a daeva in the Dungeon)

   It affects your intelligence (+5).
   It affects your accuracy and damage with ranged weapons and melee attacks
   (+3).
   It affects your resistance to hostile enchantments.
 L - a +1 pair of boots of running (worn)
 M - a +3 ring mail of magic resistance
 N - the +5 ring mail of the Ward {rF+ rN+}
   (You found it in the Dungeon)

   It protects you from fire.
   It protects you from negative energy.
 O - a +2 cloak of magic resistance (worn)
Jewellery
 q - the ring of Ascent {Fire Str+4 Dex+2}
   (You found it in the Dungeon)

   [ring of fire]

   It enhances your fire magic.
   It affects your strength (+4).
   It affects your dexterity (+2).
   It protects you from fire.
   It makes you vulnerable to cold.
 r - the ring of the Five Emperors {rC+ rN+ Str+2 Dex+6}
   (You found it in the Dungeon)

   [ring of dexterity]

   It affects your strength (+2).
   It affects your dexterity (+6).
   It protects you from cold.
   It protects you from negative energy.
 w - the ring "Lycailec" {rN+ MR+ rCorr Str+4}
   (You found it in the Dungeon)

   [ring of resist corrosion]

   It affects your strength (+4).
   It protects you from negative energy.
   It affects your resistance to hostile enchantments.
   It provides partial protection from all sources of acid and corrosion.
 y - the amulet "Teulas Ocla" (around neck) {Reflect MP+9 Str+4 Int+3 Dex+4 SH+5}
   (You found it in the Dungeon)

   [amulet of reflection]

   It shields you and reflects attacks.
   It affects your strength (+4).
   It affects your intelligence (+3).
   It affects your dexterity (+4).
   It affects your magic capacity (+9).
   It affects your SH (+5).
 z - the amulet of Limuc {Acrobat +Fly rC- Int+4 Dex+7 Slay+5}
   (You found it in the Dungeon)

   [amulet of the acrobat]

   It helps you evade while moving and waiting.
   It affects your intelligence (+4).
   It affects your dexterity (+7).
   It affects your accuracy and damage with ranged weapons and melee attacks
   (+5).
   It makes you vulnerable to cold.
   It lets you fly.
 D - a +6 ring of intelligence
 G - the ring of Yharph {Ice rN+ Dex+2}
   (You found it in the Dungeon)

   [ring of ice]

   It enhances your ice magic.
   It affects your dexterity (+2).
   It makes you vulnerable to fire.
   It protects you from cold.
   It protects you from negative energy.
 H - the ring of Hoiskuh {Dex+4 Slay+5}
   (You found it in the Dungeon)

   [ring of slaying]

   It affects your dexterity (+4).
   It affects your accuracy and damage with ranged weapons and melee attacks
   (+5).
 I - the amulet of Dawn {Spirit Dex+2}
   (You took it off a draconian shifter in the Dungeon)

   [amulet of guardian spirit]

   It causes incoming damage to be split between your health and magic.
   It affects your dexterity (+2).
 J - an uncursed ring of wizardry
 P - the ring "Inenke" {rElec MP+9 Int+3 Dex+3}
   (You found it in the Dungeon)

   [ring of magical power]

   It affects your intelligence (+3).
   It affects your dexterity (+3).
   It insulates you from electricity.
   It affects your magic capacity (+9).
 Q - the ring of Xarics {rN+ Str+6}
   (You took it off a daeva in the Dungeon)

   [ring of strength]

   It affects your strength (+6).
   It protects you from negative energy.
 R - an uncursed ring of wizardry
 S - the ring of Leov {rN+++ MR+ Dex-3 SInv Stlth+}
   (You found it in the Dungeon)

   [ring of protection from magic]

   It affects your dexterity (-3).
   It renders you almost immune to negative energy.
   It affects your resistance to hostile enchantments.
   It lets you see invisible.
   It makes you more stealthy.
 T - the ring "Niasifepp" {Str+6 Dex+6}
   (You found it in the Dungeon)

   [ring of dexterity]

   It affects your strength (+6).
   It affects your dexterity (+6).
 U - the ring of Nasojop {+Inv rC+ Str-4 Int+2 Dex+7}
   (You found it in the Dungeon)

   [ring of protection from cold]

   It affects your strength (-4).
   It affects your intelligence (+2).
   It affects your dexterity (+7).
   It protects you from cold.
   It lets you turn invisible.
 V - the ring of Daet {Wiz Dex+2}
   (You found it in the Dungeon)

   [ring of wizardry]

   It improves your spell success rate.
   It affects your dexterity (+2).
 W - the ring of Yendor {Fire rPois SInv}
   (You found it in the Dungeon)

   [ring of fire]

   It enhances your fire magic.
   It protects you from fire.
   It makes you vulnerable to cold.
   It protects you from poison.
   It lets you see invisible.
 X - the ring "Ceupn" (right hand) {*Drain rC+++ Str+6 Int+5}
   (You found it in the Dungeon)

   [ring of strength]

   It affects your strength (+6).
   It affects your intelligence (+5).
   It renders you almost immune to cold.
   It causes draining when unequipped.
 Y - the ring of Woehodgh (left hand) {+Inv EV+6 Int+7}
   (You found it in the Dungeon)

   [ring of evasion]

   It affects your evasion (+6).
   It affects your intelligence (+7).
   It lets you turn invisible.
 Z - the ring of the Barracuda {*Slow +Blink rPois rN++ MR+}
   (You found it in the Dungeon)

   [ring of protection from magic]

   It protects you from poison.
   It greatly protects you from negative energy.
   It affects your resistance to hostile enchantments.
   It lets you blink.
   It may slow you when you take damage.
Scrolls
 c - 3 scrolls of enchant armour
 j - 7 scrolls of blinking
 k - 6 scrolls of remove curse
 l - 7 scrolls of amnesia
 m - a scroll of summoning
 A - 3 scrolls of fear
 B - 4 scrolls of enchant weapon
 C - a scroll of fog
Potions
 a - 2 potions of invisibility
 e - 16 potions of curing
 f - 29 potions of heal wounds
 g - 8 potions of haste
 h - 5 potions of magic
 i - 5 potions of berserk rage
 p - a potion of lignification
 t - 7 potions of might
 u - 3 potions of brilliance
Miscellaneous
 s - 2 boxes of beasts
Comestibles
 d - 13 rations


   Skills:
 O Level 27 Fighting
 O Level 27 Long Blades
 + Level 17.0 Throwing
 O Level 27 Armour
 O Level 27 Dodging
 O Level 27 Stealth
 O Level 27 Shields
 + Level 18.1 Unarmed Combat
 O Level 27 Spellcasting
 O Level 27 Conjurations
   Level 0.7 Transmutations
 O Level 27 Fire Magic
 O Level 27 Earth Magic
 + Level 17.0 Evocations


You had 25 spell levels left.
You knew the following spells:

 Your Spells              Type           Power        Failure   Level  Hunger
a - Sandblast             Erth           ######       0%          1    None
b - Stone Arrow           Conj/Erth      ######       0%          3    None
c - Lee's Rapid Deconstr  Erth           ########..   0%          5    None
d - Sticky Flame          Conj/Fire      ########     0%          4    None
e - Iron Shot             Conj/Erth      ########..   0%          6    None
f - Orb of Destruction    Conj           ########..   0%          7    None
g - Lehudib's Crystal Sp  Conj/Erth      ########..   1%          8    None
h - Fire Storm            Conj/Fire      ########..   1%          9    None
i - Shatter               Erth           ########..   1%          9    None

Your spell library contained the following spells:

 Spells                   Type           Power        Failure   Level  Hunger
 Tornado                  Air            ######....   100%        9    None
 Foxfire                  Conj/Fire      ####         0%          1    None
 Magic Dart               Conj           ####         0%          1    None
 Shock                    Conj/Air       ####         0%          1    None
 Passwall                 Tmut/Erth      ########     0%          2    None
 Conjure Flame            Conj/Fire      ########     0%          3    None
 Inner Flame              Hex/Fire       ########     0%          3    None
 Static Discharge         Conj/Air       ########     0%          3    None
 Bolt of Magma            Conj/Fire/Erth ########..   0%          5    None
 Fireball                 Conj/Fire      ########..   0%          5    None
 Beastly Appendage        Tmut           ######       1%          1    None
 Sting                    Tmut/Pois      ####         1%          1    None
 Ignite Poison            Fire/Tmut/Pois #######.     1%          3    None
 Mephitic Cloud           Conj/Pois/Air  #######.     1%          3    None
 Leda's Liquefaction      Hex/Erth       ########..   1%          4    None
 Petrify                  Tmut/Erth      ########     1%          4    None
 Borgnjor's Vile Clutch   Necr/Erth      ########..   1%          5    None
 Freezing Cloud           Conj/Ice/Air   #######...   1%          6    None
 Blink                    Tloc           N/A          2%          2    None
 Call Imp                 Summ           ######..     2%          2    None
 Corpse Rot               Necr/Air       N/A          2%          2    None
 Ensorcelled Hibernation  Hex/Ice        ######       2%          2    None
 Poisonous Vapours        Pois/Air       ######       2%          2    None
 Shroud of Golubria       Chrm/Tloc      ######       2%          2    None
 Slow                     Hex            ######..     2%          2    None
 Swiftness                Chrm/Air       ######..     2%          2    None
 Gell's Gravitas          Tloc           ######....   5%          3    None
 Lesser Beckoning         Tloc           ######....   5%          3    None
 Ozocubu's Armour         Chrm/Ice       ######..     5%          3    None
 Recall                   Summ/Tloc      N/A          5%          3    None
 Teleport Other           Tloc           ######..     5%          3    None
 Ring of Flames           Chrm/Fire      ########..   6%          7    None
 Ice Form                 Ice/Tmut       ######..     16%         4    None
 Animate Dead             Necr           N/A          17%         4    None
 Cause Fear               Hex            ######....   17%         4    None
 Dispel Undead            Necr           ######..     17%         4    None
 Passage of Golubria      Tloc           N/A          17%         4    None
 Summon Ice Beast         Ice/Summ       ######..     17%         4    None
 Agony                    Necr           ######..     43%         5    None
 Excruciating Wounds      Chrm/Necr      ######....   43%         5    None
 Metabolic Englaciation   Hex/Ice        ######....   43%         5    None
 Silence                  Hex/Air        ######....   43%         5    None
 Ozocubu's Refrigeration  Ice            ######....   54%         6    None
 Darkness                 Hex            ######....   95%         6    None
 Death Channel            Necr           ######....   95%         6    None
 Invisibility             Hex            ######..     95%         6    None
 Shadow Creatures         Summ           N/A          95%         6    None
 Simulacrum               Ice/Necr       ######....   95%         6    None
 Dragon Form              Tmut           ######....   100%        7    None
 Discord                  Hex            ######....   100%        8    None
 Statue Form              Tmut/Erth      Unusable     N/A         6    N/A
 Sublimation of Blood     Necr           Unusable     N/A         2    N/A

Dungeon Overview and Level Annotations

Branches:
Dungeon (1/1)

Altars:
Ashenzari
Cheibriados
Dithmenos
Elyvilon
Fedhas
Gozag
Hepliaklqana
Kikubaaqudgha
Makhleb
Nemelex Xobeh
Okawaru
Qazlal
Ru
Sif Muna
Trog
Uskayaw
Vehumet
Wu Jian
Xom
Yredelemnul
Zin
The Shining One
Beogh
Jiyva
Lugonu


Innate Abilities, Weirdness & Mutations

You are resistant to torment.
Your stone body is resilient. (AC +18)
You are immune to poison.
Your large and strong wings let you fly indefinitely.
You resist negative energy. (rN+)
You are resistant to electric shocks. (rElec)
You can survive without breathing.
You are immune to petrification.
You are immune to rotting.
You have large cloven feet.
Your natural rate of healing is unusually fast.
You expend magic power (3 MP) to strengthen your wands.


Message History

Vehumet accepts your kill.
You feel your power returning.
The mana viper disappears in a puff of smoke!
Your Throwing skill increases to level 16!
Your Unarmed Combat skill increases to level 17!
Your Evocations skill increases to level 16!
You destroy the lich!
Vehumet accepts your kill.
You destroy the vampire knight!
Vehumet accepts your kill.
The mummy priest is almost destroyed.
You destroy the lich!
Vehumet accepts your kill.
Your Throwing skill increases to level 17!
Your Unarmed Combat skill increases to level 18!
Your Evocations skill increases to level 17!
Ka-crash!
You feel extremely nervous for a moment...
Pain shoots through your body!
You die...

########## ##
#...#.#..###.
))}):|})|}($##
$})°=.|$.$)°.# }
[°))||)?=:### .M)
).[$.[.§..#
###########|..#..))..#..
................@.......
........................
#########.#...##...###.#
###### ###.####.#...##'#
#.##.###.###..#...####.#
#'#.................##'#
#.....##..##..#...####.#
...#.#.###.###.###.###'#
#.#.####[####....)..##.##


You could see a mummy priest.

Vanquished Creatures
  Dissolution (D)
  the Royal Jelly (D)
  An orb of fire (D)
  8 pandemonium lords (D)
  Mara (D)
  7 ancient liches (D)
  15 greater mummies (D)
  Boris (D)
  the Lernaean hydra (D)
  Margery (D)
  Xtahua (D)
  2 golden dragons (D)
  A curse toe (D)
  6 pearl dragons (D)
  Jory (D)
  A profane servitor (D)
  A bone dragon (D)
  4 electric golems (D)
  11 liches (D)
  A Brimstone Fiend (D)
  2 Tzitzimimeh (D)
  3 tentacled monstrosities (D)
  6 Hell Sentinels (D)
  6 Ice Fiends (D)
  26 Orb Guardians (D)
  A hellephant (D)
  6 titans (D)
  4 deep elf blademasters (D)
  14 acid blobs (D)
  3 deep elf master archers (D)
  4 death cobs (D)
  2 sphinxes (D)
  A quicksilver dragon (D)
  Frances (D)
  4 shadow dragons (D)
  Gastronok (D)
  3 draconian monks (D)
  4 azure jellies (D)
  A daeva (D)
  6 nagarajas (D)
  4 fire giants (D)
  3 iron dragons (D)
  A cacodemon (D)
  Louise (D)
  2 deep elf sorcerers (D)
  3 ghost moths (D)
  6 orc warlords (D)
  An emperor scorpion (D)
  2 spriggan defenders (D)
  4 balrugs (D)
  A draconian shifter (D)
  6 ghouls (D)
  2 angels (D)
  A war gargoyle (D)
  A stone giant (D)
  2 green draconians (D)
  4 ophanim (D)
  4 black draconians (D)
  5 vampire knights (D)
  A dire elephant (D)
  A deep elf annihilator (D)
  2 red draconians (D)
  A white draconian (D)
  2 yellow draconians (D)
  A purple draconian (D)
  4 deep elf death magi (D)
  9 death oozes (D)
  2 green deaths (D)
  8 ettins (D)
  2 eidola (D)
  4 blizzard demons (D)
  5 mummy priests (D)
  A fire dragon (D)
  2 ice dragons (D)
  2 yaktaur captains (D)
  3 vault guards (D)
  A deep elf high priest (D)
  A hydra (D)
  An ice dragon (shapeshifter) (D)
  2 naga warriors (D)
  A rakshasa (D)
  An anaconda (D)
  2 spriggan air magi (D)
  A merfolk avatar (D)
  3 alligators (D)
  3 ogre magi (D)
  2 death knights (D)
  4 death yaks (D)
  A deep troll earth mage (D)
  6 two-headed ogres (D)
  2 deep troll shamans (D)
  An orc high priest (D)
  An iron elemental (D)
  2 spriggan berserkers (D)
  A naga sharpshooter (D)
  3 vampire magi (D)
  4 hell knights (D)
  A soul eater (D)
  6 spriggans (D)
  2 deep elf knights (D)
  3 sun demons (D)
  8 skeletal warriors (D)
  A shadow wraith (D)
  8 iron trolls (D)
  2 cherubim (D)
  21 deep trolls (D)
  An unseen horror (D)
  16 orc knights (D)
  3 swamp dragons (D)
  3 wizards (D)
  3 necromancers (D)
  2 deep elf magi (D)
  3 orc sorcerers (D)
  A moth of wrath (D)
  6 elephants (D)
  8 cyclopes (D)
  4 naga magi (D)
  A guardian serpent (D)
  An orange demon (D)
  3 rust devils (D)
  2 molten gargoyles (D)
  A gargoyle (D)
  A kobold demonologist (D)
  5 hellions (D)
  2 ice devils (D)
  A demonic crawler (D)
  2 yaktaurs (D)
  4 guardian mummies (D)
  3 tormentors (D)
  A wandering mushroom (D)
  3 polar bears (D)
  2 wind drakes (D)
  6 red devils (D)
  9 trolls (D)
  A merfolk (D)
  A jumping spider (D)
  A jumping spider (shapeshifter) (D)
  2 tyrant leeches (D)
  6 hornets (D)
  Grinder (D)
  2 snapping turtles (D)
  4 dream sheep (D)
  A shadow (D)
  A redback (D)
  A vampire (D)
  2 air elementals (D)
  A tarantella (D)
  3 wyverns (D)
  A fire elemental (D)
  A basilisk (D)
  A neqoxec (D)
  3 vampire mosquitoes (D)
  A chaos spawn (D)
  A steam dragon (D)
  4 wargs (D)
  7 nagas (D)
  An acid dragon (D)
  16 orc warriors (D)
  2 small abominations (D)
  Purgy (D)
  2 necrophages (D)
  An eye of draining (D)
  2 centaurs (D)
  2 wolves (D)
  8 ogres (D)
  2 big kobolds (D)
  A gnoll sergeant (D)
  A scorpion (D)
  3 killer bees (D)
  2 jellies (D)
  6 orc priests (D)
  9 orc wizards (D)
  A gnoll shaman (D)
  Jessica (D)
  A worker ant (D)
  7 gnolls (D)
  An adder (D)
  A white imp (D)
  2 ufetubi (D)
  2 adder skeletons (D)
  2 adder zombies (D)
  2 worms (D)
  4 leopard geckos (D)
  25 orcs (D)
  4 bat skeletons (D)
  2 bat zombies (D)
  A giant cockroach (D)
  A goblin (D)
  A quokka (D)
  A ball python (D)
  A ball python skeleton (D)
  A bat (D)
  2 bat simulacra (D)
  A giant cockroach simulacrum (D)
  2 giant cockroach zombies (D)
  3 kobolds (D)
  A leopard gecko simulacrum (D)
  A leopard gecko skeleton (D)
  8 fire vortices (D)
643 creatures vanquished.

Vanquished Creatures (collateral kills)
  A pandemonium lord (D)
  A draconian monk (D)
  A draconian stormcaller (D)
3 creatures vanquished.

Vanquished Creatures (others)
  A Brimstone Fiend (D)
  A sky beast (D)
  An orc (D)
  67 fire vortices (D)
70 creatures vanquished.

Grand Total: 716 creatures vanquished

Notes
Turn   | Place    | Note
-------+----------+-------------------------------------------
     0 | D        | Doot the Gargoyle Earth Elementalist began the quest for
                  | the Orb.
     0 | D        | Reached XP level 1. HP: 10/10 MP: 3/3
    16 | D        | Found a bloodstained altar of Trog.
    16 | D        | Found a shimmering blue altar of Sif Muna.
    16 | D        | Found a viscous altar of Jiyva.
    16 | D        | Found a hazy altar of Hepliaklqana.
    16 | D        | Found an opulent altar of Gozag.
    17 | D        | Found a glowing golden altar of the Shining One.
    17 | D        | Found a glowing silver altar of Zin.
    17 | D        | Found a basalt altar of Yredelemnul.
    17 | D        | Found a shimmering altar of Xom.
    17 | D        | Found an ornate altar of the Wu Jian Council.
    17 | D        | Found a sacrificial altar of Ru.
    17 | D        | Found a stormy altar of Qazlal.
    17 | D        | Found an iron altar of Okawaru.
    17 | D        | Found a sparkling altar of Nemelex Xobeh.
    17 | D        | Found a burning altar of Makhleb.
    17 | D        | Found a blossoming altar of Fedhas.
    17 | D        | Found a white marble altar of Elyvilon.
    17 | D        | Found a shadowy altar of Dithmenos.
    17 | D        | Found a snail-covered altar of Cheibriados.
    18 | D        | Found a radiant altar of Vehumet.
    18 | D        | Found a corrupted altar of Lugonu.
    18 | D        | Found a roughly hewn altar of Beogh.
    19 | D        | Found a hide-covered altar of Uskayaw.
    19 | D        | Found an ancient bone altar of Kikubaaqudgha.
    19 | D        | Found a shattered altar of Ashenzari.
    28 | D        | Became a worshipper of Vehumet
   164 | D        | Reached skill level 5 in Earth Magic
   164 | D        | Reached XP level 2. HP: 15/15 MP: 2/5
   199 | D        | Reached * piety under Vehumet
   199 | D        | Offered knowledge of Freeze by Vehumet.
   250 | D        | Reached ** piety under Vehumet
   291 | D        | Reached XP level 3. HP: 17/19 MP: 3/7
   336 | D        | Offered knowledge of Magic Dart by Vehumet.
   341 | D        | Learned a level 3 spell: Stone Arrow
   460 | D        | Reached *** piety under Vehumet
   498 | D        | Offered knowledge of Searing Ray by Vehumet.
   660 | D        | Offered knowledge of Sticky Flame by Vehumet.
   666 | D        | Noticed a centaur
   669 | D        | Killed a centaur
   669 | D        | Reached **** piety under Vehumet
   669 | D        | Reached skill level 5 in Spellcasting
   669 | D        | Reached XP level 4. HP: 16/24 MP: 6/11
   669 | D        | Reached XP level 5. HP: 19/28 MP: 7/13
   676 | D        | Learned a level 5 spell: Lee's Rapid Deconstruction
   681 | D        | Learned a level 4 spell: Sticky Flame
   769 | D        | Noticed Purgy
   774 | D        | Killed Purgy
   774 | D        | Offered knowledge of Conjure Flame by Vehumet.
   860 | D        | Noticed an unseen horror
   862 | D        | Killed an unseen horror
   862 | D        | Reached skill level 10 in Spellcasting
   862 | D        | Reached skill level 5 in Conjurations
   862 | D        | Reached XP level 6. HP: 17/32 MP: 12/19
   862 | D        | Reached XP level 7. HP: 20/36 MP: 12/20
   997 | D        | Noticed Grinder
   998 | D        | Killed Grinder
   998 | D        | Reached XP level 8. HP: 41/41 MP: 15/22
   998 | D        | Reached ***** piety under Vehumet
   998 | D        | Offered knowledge of Iron Shot by Vehumet.
  1029 | D        | Noticed an orc knight
  1029 | D        | Noticed a snapping turtle
  1033 | D        | Reached skill level 1 in Fire Magic
  1036 | D        | Killed an orc knight
  1036 | D        | Reached XP level 9. HP: 36/46 MP: 13/25
  1260 | D        | Learned a level 6 spell: Iron Shot
  1266 | D        | Noticed a death cob
  1267 | D        | Noticed a deep elf mage
  1272 | D        | Killed a deep elf mage
  1272 | D        | Killed a death cob
  1272 | D        | Reached skill level 1 in Fighting
  1272 | D        | Reached skill level 1 in Armour
  1272 | D        | Reached XP level 10. HP: 16/52 MP: 7/28
  1483 | D        | Reached ****** piety under Vehumet
  1486 | D        | Offered knowledge of Olgreb's Toxic Radiance by Vehumet.
  1724 | D        | Gained mutation: Your natural rate of healing is unusually
                  | fast. [potion of mutation]
  1724 | D        | Gained mutation: You expend magic power (3 MP) to
                  | strengthen your wands. [potion of mutation]
  1724 | D        | Gained mutation: You have an increased reservoir of magic.
                  | (+10% MP) [potion of mutation]
  1860 | D        | Offered knowledge of Bolt of Magma by Vehumet.
  1862 | D        | Noticed a kobold demonologist
  1863 | D        | Killed a kobold demonologist
  1910 | D        | Noticed a molten gargoyle
  1912 | D        | Killed a molten gargoyle
  1912 | D        | Reached skill level 15 in Spellcasting
  1915 | D        | Reached skill level 5 in Stealth
  1955 | D        | Noticed an orange demon
  1958 | D        | Killed an orange demon
  1958 | D        | Reached XP level 11. HP: 56/56 MP: 25/33
  2000 | D        | Noticed a death yak
  2000 | D        | Noticed a death yak
  2000 | D        | Noticed a death yak
  2193 | D        | Killed a death yak
  2193 | D        | Offered knowledge of Orb of Destruction by Vehumet.
  2193 | D        | Killed a death yak
  2193 | D        | Reached skill level 10 in Conjurations
  2199 | D        | Killed a death yak
  2208 | D        | Learned a level 7 spell: Orb of Destruction
  2287 | D        | Noticed Jessica
  2289 | D        | Killed Jessica
  2290 | D        | Noticed a deep troll
  2297 | D        | Killed a deep troll
  2300 | D        | Noticed a spriggan rider
  2305 | D        | Killed a spriggan rider
  2305 | D        | Offered knowledge of Fireball by Vehumet.
  2406 | D        | Noticed Gastronok
  2494 | D        | Offered knowledge of Starburst by Vehumet.
  2504 | D        | Noticed an orc high priest
  2507 | D        | Noticed a sixfirhy
  2508 | D        | Killed an orc high priest
  2632 | D        | Killed Gastronok
  2632 | D        | Reached XP level 12. HP: 47/61 MP: 7/36
  2779 | D        | Offered knowledge of Lehudib's Crystal Spear by Vehumet.
  2789 | D        | Learned a level 8 spell: Lehudib's Crystal Spear
  3106 | D        | Offered knowledge of Fire Storm by Vehumet.
  3106 | D        | Offered knowledge of Shatter by Vehumet.
  3106 | D        | Offered knowledge of Tornado by Vehumet.
  3395 | D        | Noticed a death cob
  3400 | D        | Killed a death cob
  3647 | D        | Noticed a sun demon
  3649 | D        | Killed a sun demon
  3688 | D        | Noticed a five-headed hydra
  3692 | D        | Killed a five-headed hydra
  3852 | D        | Noticed an orc warlord
  3852 | D        | Noticed an orc warlord
  3886 | D        | Killed an orc warlord
  3886 | D        | Reached XP level 13. HP: 65/65 MP: 20/39
  3893 | D        | Killed an orc warlord
  4320 | D        | Reached skill level 5 in Armour
  4596 | D        | Noticed a vault guard
  4605 | D        | Killed a vault guard
  4789 | D        | Noticed a yaktaur captain
  4849 | D        | Noticed a vault guard
  4851 | D        | Killed a vault guard
  4851 | D        | Killed a yaktaur captain
  5045 | D        | Found the +2 robe of Vines {NoPotionHeal Regen+7}
  5054 | D        | Identified a +1 pair of boots of running (You found it in
                  | the Dungeon)
  5060 | D        | Got the +5 ring mail of the Ward {rF+ rN+}
  5161 | D        | Noticed a black draconian
  5180 | D        | Reached skill level 1 in Shields
  5307 | D        | Gained mutation: Your large and strong wings let you fly
                  | indefinitely. [Gargoyle growth]
  5307 | D        | Reached XP level 14. HP: 71/71 MP: 23/43
  5345 | D        | Killed a black draconian
  5526 | D        | Noticed a deep elf sorcerer
  5527 | D        | Killed a deep elf sorcerer
  5533 | D        | Noticed a purple draconian
  5538 | D        | Killed a purple draconian
  5713 | D        | Noticed a deep elf sorcerer
  5717 | D        | Killed a deep elf sorcerer
  5761 | D        | Noticed an ophan
  5762 | D        | Noticed a death cob
  5763 | D        | Killed an ophan
  5763 | D        | Reached skill level 15 in Conjurations
  5763 | D        | Noticed a profane servitor
  5766 | D        | Killed a death cob
  5766 | D        | Noticed a nagaraja
  5769 | D        | Killed a nagaraja
  5770 | D        | Killed a profane servitor
  5885 | D        | Noticed a lich
  5893 | D        | Killed a lich
  5987 | D        | Noticed an ancient lich
  5991 | D        | Killed an ancient lich
  5991 | D        | Reached skill level 27 in Earth Magic
  5991 | D        | Reached XP level 15. HP: 76/76 MP: 24/46
  6158 | D        | Got Liwessov's Collected Works on Snow
  6160 | D        | Got the Papyrus of Transmigration
  6165 | D        | Got the Guide on Companions and Feathers
  6169 | D        | Got Nenock's Incunabulum of Earth and Poison
  6174 | D        | Got Sif Muna's Guide on Bewitching Translocation
  6176 | D        | Got the Compendium of the Frostbite and Earth
  6181 | D        | Got Zaereck's Volume of Poisonous Beguiling
  6242 | D        | Got the ring "Zedid" {+Fly rPois rC+ Str-5 Dex+3}
  6244 | D        | Got the ring "Weidwuy" {+Inv rF+ rC- MR+ Int+7}
  6246 | D        | Got the ring "Niasifepp" {Str+6 Dex+6}
  6248 | D        | Got the ring of Nasojop {+Inv rC+ Str-4 Int+2 Dex+7}
  6250 | D        | Got the ring of Daet {Wiz Dex+2}
  6252 | D        | Got the ring of Yendor {Fire rPois SInv}
  6254 | D        | Got the ring "Ceupn" {*Drain rC+++ Str+6 Int+5}
  6256 | D        | Got the ring of Woehodgh {+Inv EV+6 Int+7}
  6258 | D        | Got the ring of the Barracuda {*Slow +Blink rPois rN++ MR+}
  6278 | D        | Got the ring "Ystasoc" {rElec rC- rN++ MR+ MP+9}
  6280 | D        | Got the ring of Uskayaw's Envy {rF+ rN+ Str-3 Dex+2 Stlth+}
  6282 | D        | Got the ring of Ascent {Fire Str+4 Dex+2}
  6284 | D        | Got the ring of the Five Emperors {rC+ rN+ Str+2 Dex+6}
  6295 | D        | Got the amulet "Tudit" {Fragile rElec Regen+ Dex+8}
  6297 | D        | Got the ring "Lycailec" {rN+ MR+ rCorr Str+4}
  6299 | D        | Got the amulet "Vonton Ryarch" {RegenMP Slay+5}
  6301 | D        | Got the amulet of Fuodea {Inacc +Inv Dex+2 Stlth+}
  6303 | D        | Got the amulet of Limuc {Acrobat +Fly rC- Int+4 Dex+7
                  | Slay+5}
  6305 | D        | Got the amulet of Virtue {RegenMP +Blink}
  6307 | D        | Got the ring of Hoiskuh {Dex+4 Slay+5}
  6309 | D        | Got the ring of Butchery {rF- rC+ rN+++ Str-5 Stlth+}
  6323 | D        | Got the amulet "Ohelauk" {RegenMP rElec}
  6325 | D        | Got the amulet "Petziguq" {Reflect rN+ Str+3 SH+5}
  6328 | D        | Got the ring of Yharph {Ice rN+ Dex+2}
  6332 | D        | Got the amulet "Teulas Ocla" {Reflect MP+9 Str+4 Int+3
                  | Dex+4 SH+5}
  6334 | D        | Got the amulet "Geahoeh" {rF+ MR+ Regen+ Dex+4}
  6336 | D        | Got the amulet of Miud {RegenMP rC- Int+5 Dex+2}
  6435 | D        | Noticed Boris
  6449 | D        | Killed Boris
  6456 | D        | Noticed a nagaraja
  6505 | D        | Killed a nagaraja
  6516 | D        | Noticed a nagaraja
  6520 | D        | Killed a nagaraja
  6673 | D        | Noticed a nagaraja
  6673 | D        | Noticed a sphinx
  6674 | D        | Noticed a death cob
  6675 | D        | Killed a nagaraja
  6675 | D        | Killed a death cob
  6677 | D        | Killed a sphinx
  6678 | D        | Noticed Frances
  6680 | D        | Killed Frances
  6691 | D        | Identified the +7 chain mail of Putegan {Str+2 Slay+2}
  7181 | D        | Noticed an emperor scorpion
  7195 | D        | Killed an emperor scorpion
  7256 | D        | Reached XP level 16. HP: 78/81 MP: 51/51
  7332 | D        | Noticed a nagaraja
  7341 | D        | Reached skill level 1 in Evocations
  7345 | D        | Killed a nagaraja
  7359 | D        | Reached skill level 27 in Spellcasting
  7504 | D        | Lost mutation: You have an increased reservoir of magic.
                  | (+10% MP) [a neqoxec]
  7527 | D        | Noticed a deep elf blademaster
  7532 | D        | Killed a deep elf blademaster
  7590 | D        | Identified the +6 hunting sling of Fuolilom {flame, rF+}
  8133 | D        | Noticed a titan
  8139 | D        | Killed a titan
  8139 | D        | Reached skill level 5 in Dodging
  8452 | D        | Noticed Dissolution
  8461 | D        | Reached skill level 1 in Long Blades
  8482 | D        | Killed Dissolution
  8482 | D        | Reached skill level 27 in Conjurations
  8577 | D        | Noticed Muam Vui the pandemonium lord
  8591 | D        | Killed Muam Vui the pandemonium lord
  8591 | D        | Reached skill level 5 in Long Blades
  8591 | D        | Reached XP level 17. HP: 86/86 MP: 18/48
  8917 | D        | Reached skill level 5 in Shields
  8921 | D        | Noticed a titan
  8926 | D        | Reached skill level 10 in Shields
  8930 | D        | Killed a titan
  8933 | D        | Reached skill level 15 in Armour
  8949 | D        | Reached skill level 15 in Shields
  8952 | D        | Reached skill level 10 in Long Blades
  8954 | D        | Found the +12 Vampire's Tooth {vamp}
  8954 | D        | Found the +8 whip "Snakebite" {curare, rPois}
  9028 | D        | Got a silver rune of Zot
  9361 | D        | Noticed Jory
  9366 | D        | Reached skill level 10 in Dodging
  9376 | D        | Noticed a golden dragon
  9384 | D        | Killed a golden dragon
  9385 | D        | Killed Jory
  9385 | D        | Reached XP level 18. HP: 54/91 MP: 4/49
  9568 | D        | Noticed a golden dragon
  9574 | D        | Killed a golden dragon
  9726 | D        | Noticed a deep elf master archer
  9728 | D        | Killed a deep elf master archer
  9741 | D        | Noticed a hellephant
  9773 | D        | Killed a hellephant
 10010 | D        | Noticed a deep elf master archer
 10021 | D        | Killed a deep elf master archer
 10021 | D        | Reached skill level 5 in Fire Magic
 10047 | D        | Noticed a tentacled monstrosity
 10071 | D        | Killed a tentacled monstrosity
 10134 | D        | Reached skill level 10 in Fire Magic
 10339 | D        | Noticed a greater mummy
 10358 | D        | Killed a greater mummy
 10383 | D        | Learned a level 9 spell: Fire Storm
 10565 | D        | Noticed Mara
 10568 | D        | Killed Mara
 10570 | D        | Noticed a tentacled monstrosity
 10570 | D        | Noticed a deep elf blademaster
 10572 | D        | Noticed a deep elf master archer
 10576 | D        | Killed a deep elf blademaster
 10588 | D        | Killed a tentacled monstrosity
 10588 | D        | Reached skill level 15 in Fire Magic
 10588 | D        | Reached XP level 19. HP: 95/95 MP: 30/50
 10837 | D        | Got the ring of Leov {rN+++ MR+ Dex-3 SInv Stlth+}
 10873 | D        | Learned a level 9 spell: Shatter
 10912 | D        | Noticed an Ice Fiend
 10915 | D        | Killed an Ice Fiend
 10992 | D        | Noticed a pearl dragon
 10994 | D        | Killed a pearl dragon
 11267 | D        | Noticed an electric golem
 11273 | D        | Killed an electric golem
 11354 | D        | Noticed Margery
 11356 | D        | Killed Margery
 11380 | D        | Noticed a greater mummy
 11380 | D        | Noticed an electric golem
 11381 | D        | Noticed a pearl dragon
 11384 | D        | Killed an electric golem
 11384 | D        | Killed a greater mummy
 11384 | D        | Reached skill level 15 in Long Blades
 11385 | D        | Killed a pearl dragon
 11545 | D        | Noticed the 27-headed Lernaean hydra
 11548 | D        | Killed the 27-headed Lernaean hydra
 11601 | D        | Noticed an orb of fire
 11602 | D        | Noticed a Hell Sentinel
 11602 | D        | Noticed a Hell Sentinel
 11605 | D        | Noticed a Tzitzimitl
 11606 | D        | Noticed a greater mummy
 11610 | D        | Noticed an electric golem
 11611 | D        | Killed a Hell Sentinel
 11611 | D        | Killed a greater mummy
 11613 | D        | Noticed a Hell Sentinel
 11614 | D        | Killed an orb of fire
 11614 | D        | Reached skill level 15 in Dodging
 11614 | D        | HP: 4/98 [titan/the air (21)]
 11615 | D        | Noticed Xtahua
 11615 | D        | Noticed Fopher the pandemonium lord
 11617 | D        | Noticed a curse toe
 11619 | D        | Killed a Hell Sentinel
 11619 | D        | Reached skill level 27 in Shields
 11619 | D        | Killed a Tzitzimitl
 11619 | D        | Killed a Hell Sentinel
 11619 | D        | Killed Xtahua
 11620 | D        | Identified the amulet of Dawn {Spirit Dex+2}
 11625 | D        | Killed an electric golem
 11625 | D        | Killed Fopher the pandemonium lord
 11625 | D        | Reached XP level 20. HP: 41/104 MP: 7/51
 11656 | D        | Killed a curse toe
 11801 | D        | Noticed an ancient lich
 11806 | D        | Killed an ancient lich
 11806 | D        | Reached skill level 10 in Stealth
 11946 | D        | Got the ring of Vofuh {EV-4 Str+4}
 11948 | D        | Got the ring "Xayren" {Fire MR+ Str+3 Dex+4}
 11968 | D        | Got the +7 double sword of Uhab {vorpal, Dex+6}
 12052 | D        | Noticed a Brimstone Fiend
 12062 | D        | Killed a Brimstone Fiend
 12154 | D        | Noticed a greater mummy
 12158 | D        | Killed a greater mummy
 12158 | D        | Reached skill level 5 in Fighting
 12169 | D        | Noticed Nocek the pandemonium lord
 12179 | D        | Killed Nocek the pandemonium lord
 12388 | D        | Gained mutation: You have large cloven feet. [a cacodemon]
 12465 | D        | Noticed a Brimstone Fiend
 12466 | D        | Identified the +9 broad axe of the Girdle {protect, Dex+4
                  | Stlth+}
 12466 | D        | Identified the ring of Niunlas {rPois rC++ MR+}
 12466 | D        | Noticed a greater mummy
 12469 | D        | Killed a Brimstone Fiend
 12473 | D        | Killed a greater mummy
 12624 | D        | Noticed an electric golem
 12630 | D        | Killed an electric golem
 12630 | D        | Reached skill level 27 in Fire Magic
 12730 | D        | Identified the +9 broad axe of Joyful Slaughter {holy,
                  | Dex+5}
 12730 | D        | Identified the quicksilver dragon scales "Neohug" {MR+
                  | Int+5 Slay+3}
 12730 | D        | Identified the ring of Xarics {rN+ Str+6}
 12791 | D        | Got an iron rune of Zot
 12846 | D        | Got the ring "Mueceng" {+Inv rPois rC+}
 12856 | D        | Got the ring of the Pharaoh's Fist {rElec rF- rC+ Str+9
                  | Stlth-}
 12858 | D        | Noticed a pearl dragon
 12858 | D        | Noticed a pearl dragon
 12863 | D        | Killed a pearl dragon
 12863 | D        | Reached skill level 27 in Armour
 12865 | D        | Killed a pearl dragon
 12865 | D        | Reached XP level 21. HP: 112/112 MP: 28/52
 13028 | D        | Noticed a pearl dragon
 13118 | D        | Killed a pearl dragon
 13223 | D        | Got the ring "Inenke" {rElec MP+9 Int+3 Dex+3}
 13264 | D        | Noticed a pearl dragon
 13266 | D        | Killed a pearl dragon
 13393 | D        | Noticed Ehusutek the pandemonium lord
 13402 | D        | Killed Ehusutek the pandemonium lord
 13425 | D        | Reached skill level 10 in Fighting
 13767 | D        | Noticed an ancient lich
 13768 | D        | Noticed Gakhlubeph the pandemonium lord
 13772 | D        | Killed an ancient lich
 13966 | D        | Reached skill level 15 in Stealth
 14012 | D        | Noticed Louise
 14018 | D        | Killed Louise
 14101 | D        | Noticed the Royal Jelly
 14104 | D        | Killed the Royal Jelly
 14104 | D        | Reached skill level 15 in Fighting
 14129 | D        | Killed Gakhlubeph the pandemonium lord
 14622 | D        | Noticed an ancient lich
 14625 | D        | Killed an ancient lich
 14625 | D        | Reached XP level 22. HP: 144/144 MP: 45/53
 15001 | D        | Noticed Ovey the pandemonium lord
 15007 | D        | Killed Ovey the pandemonium lord
 15329 | D        | Noticed a greater mummy
 15333 | D        | Killed a greater mummy
 15444 | D        | Noticed a greater mummy
 15444 | D        | Noticed Xaov the pandemonium lord
 15460 | D        | Killed Xaov the pandemonium lord
 15460 | D        | Reached skill level 27 in Long Blades
 15461 | D        | Noticed Jelom the pandemonium lord
 15461 | D        | Noticed a greater mummy
 15463 | D        | Killed a greater mummy
 15496 | D        | Killed a greater mummy
 15621 | D        | Noticed Liesch the pandemonium lord
 15628 | D        | Killed Liesch the pandemonium lord
 15713 | D        | Reached XP level 23. HP: 167/167 MP: 27/54
 15845 | D        | Noticed a greater mummy
 15851 | D        | Killed a greater mummy
 15945 | D        | Reached skill level 27 in Dodging
 16044 | D        | Killed Jelom the pandemonium lord
 16128 | D        | Reached skill level 27 in Fighting
 16366 | D        | Noticed a greater mummy
 16366 | D        | Noticed an ancient lich
 16366 | D        | Identified the +8 mace of Uboomu {elec, rPois Str+4}
 16366 | D        | Noticed a greater mummy
 16368 | D        | Killed an ancient lich
 16368 | D        | Reached skill level 27 in Stealth
 16368 | D        | Reached skill level 1 in Throwing
 16368 | D        | Reached skill level 1 in Unarmed Combat
 16368 | D        | Noticed a greater mummy
 16369 | D        | Reached skill level 5 in Throwing
 16369 | D        | Reached skill level 5 in Unarmed Combat
 16369 | D        | Reached skill level 5 in Evocations
 16369 | D        | Killed a greater mummy
 16369 | D        | Noticed an ancient lich
 16369 | D        | Noticed a greater mummy
 16369 | D        | Noticed an ancient lich
 16369 | D        | Noticed a greater mummy
 16369 | D        | Noticed a greater mummy
 16370 | D        | Reached skill level 10 in Unarmed Combat
 16370 | D        | Killed an ancient lich
 16370 | D        | Killed a greater mummy
 16370 | D        | Killed an ancient lich
 16370 | D        | Reached skill level 15 in Unarmed Combat
 16371 | D        | Found the +8 longbow "Zephyr" {speed, Dex+3 SInv}
 16371 | D        | Killed a greater mummy
 16371 | D        | Reached XP level 24. HP: 55/181 MP: 54/54
 16371 | D        | Killed a greater mummy
 16371 | D        | Reached skill level 15 in Throwing
 16371 | D        | Reached skill level 15 in Evocations
 16372 | D        | Killed a greater mummy
 16372 | D        | Killed a greater mummy
 16372 | D        | Killed by a greater mummy's death curse

Illustrated notes

Levels and vault maps discovered:
D:        pitsprint [storerooms_1, entrance_room_1, metal_vault_2, armoury_3,
          mini_pit_1, grid_room_1, main_hall_1, silver_pit, the_coven_1,
          the_vestibule_1, steel_vault_1, golden_pit, hallway_of_sentries,
          crystal_vault_5, iron_vault_1, final_vault]

Skill      XL: |  1  2  3  4  5  6  7  8  9 10 11 12 13 14 15 16 17 18 19 20 21 22 23 24 |
---------------+-------------------------------------------------------------------------+-----
Earth Magic    | 5 6 8 12 14 16 18 20 22 24 27 | 27.0
Dodging        | 2 3 4 7 10 13 15 18 22 26 27 | 27.0
Spellcasting   | 3 5 10 12 14 15 17 19 21 23 26 27 | 27.0
Stealth        | 3 4 5 7 9 12 17 20 27 | 27.0
Conjurations   | 2 5 6 8 9 11 12 14 16 19 27 | 27.0
Fire Magic     | 1 15 22 27 | 27.0
Fighting       | 1 2 4 6 17 24 27 | 27.0
Armour         | 1 2 3 4 5 7 8 11 17 20 22 27 | 27.0
Shields        | 2 4 18 22 27 | 27.0
Evocations     | 2 14 17 | 17.0
Long Blades    | 5 11 14 15 18 23 27 | 27.0
Throwing       | 14 17 | 17.0
Unarmed Combat | 15 18 | 18.1
Transmutations | |  0.7

Action                   |  1- 3 |  4- 6 |  7- 9 | 10-12 | 13-15 | 16-18 | 19-21 | 22-24 || total
-------------------------+-------+-------+-------+-------+-------+-------+-------+-------++-------
Melee: Staff             |       |     1 |       |     3 |     2 |     9 |       |       ||    15
       Demon blade       |       |       |       |       |       |     1 |       |       ||     1
       Whip              |       |       |       |       |       |     4 |       |       ||     4
       Demon whip        |       |       |       |       |       |       |     1 |       ||     1
       Double sword      |       |       |       |       |       |       |    15 |     3 ||    18
 Cast: Sandblast         |    23 |     2 |     1 |     3 |     4 |     8 |     1 |       ||    42
       Stone Arrow       |     4 |     2 |       |     6 |     4 |    14 |     1 |     1 ||    32
       Sticky Flame      |       |     2 |       |       |       |       |       |       ||     2
       Lee's Rapid Decon |       |       |    11 |    43 |    52 |    91 |    27 |     7 ||   231
       Iron Shot         |       |       |     1 |    53 |    37 |    36 |    19 |    33 ||   179
       Lehudib's Crystal |       |       |       |     2 |    48 |    69 |    80 |    14 ||   213
       Orb of Destructio |       |       |       |     1 |     6 |    15 |    10 |    21 ||    53
       Shatter           |       |       |       |       |       |       |    23 |    18 ||    41
       Fire Storm        |       |       |       |       |       |       |    12 |     9 ||    21
 Abil: Evoke Invisibilit |       |       |       |       |     1 |       |       |       ||     1
  Use: Potion            |       |       |       |     1 |       |       |    12 |     1 ||    14
  Eat: Chunk             |       |       |     1 |     8 |    10 |     6 |     8 |       ||    33
       Ration            |       |       |       |       |       |     1 |     1 |     2 ||     4
Armor: Robe              |     4 |     3 |       |       |       |       |       |       ||     7
       Scale mail        |       |       |     3 |    19 |     8 |       |       |       ||    30
       Ring mail         |       |       |       |       |    16 |     6 |     1 |       ||    23
       Gold dragon scale |       |       |       |       |       |       |    61 |     8 ||    69
Dodge: Dodged            |    17 |     1 |     3 |    22 |    20 |    23 |    51 |     7 ||   144
Block: Buckler           |       |       |       |       |    12 |    17 |       |       ||    29
       Reflection        |       |       |       |       |       |     8 |     8 |       ||    16
       Tower shield      |       |       |       |       |       |    25 |   116 |    33 ||   174
       Rpst.: Demon blade |       |       |       |       |       |     2 |       |       ||     2
       Double sword      |       |       |       |       |       |       |     1 |     1 ||     2
